 Dungeon Crawl Stone Soup version 0.31-a0-237-g2d982f9f85 (webtiles) character file.

Game seed: 572035371537369601

35 spiderkeys the Ducker (level 3, -3/28 HPs)
             Began as a Demonspawn Gladiator on July 11, 2023.
             Slain by Terence
             ... wielding a +1 trident of flaming
              (10 damage)
             ... on level 2 of the Dungeon.
             The game lasted 00:01:37 (1111 turns).

spiderkeys the Ducker (Demonspawn Gladiator)        Turns: 1111, Time: 00:01:38

Health: -3/28      AC:  6    Str: 16    XL:     3   Next: 17%
Magic:  3/3        EV: 12    Int:  9    God:
Gold:   112        SH:  0    Dex: 14    Spells: 2/2 levels left

rFire   . . .        a - +0 trident
rCold   . . .        (no shield)
rNeg    . . .        b - +0 leather armour
rPois   .            c - +0 helmet
rElec   .            (no cloak)
rCorr   .            (no gloves)
SInv    .            (no boots)
Will    .....        (no amulet)
Stlth   +            (no ring)
HPRegen 0.24/turn    (no ring)
MPRegen 0.08/turn

%: no passive effects
@: no status effects
A: hooves 1, thin metallic scales 1
a: no special abilities


You were on level 2 of the Dungeon.
You visited 1 branch of the dungeon, and saw 2 of its levels.

You collected 112 gold pieces.


Innate Abilities, Weirdness & Mutations

You have large cloven feet.
You are partially covered in thin metallic scales. (AC +2)


   Skills:
 + Level 2.5 Fighting
 + Level 3.0 Polearms
 + Level 2.2 Throwing
 - Level 3.0 Dodging


You had 2 spell levels left.
You didn't know any spells.
Your spell library contained the following spells:

 Spells                   Type           Power      Damage    Failure   Level
 Sublimation of Blood     Necr           0%         N/A       58%         2
 Petrify                  Tmut/Erth      0%         N/A       99%         4
 Irradiate                Conj/Tmut      0%         3d11      100%        5

Inventory:

Hand Weapons
 a - a +0 trident (weapon)
Missiles
 d - 3 throwing nets (quivered) {=f!f}
 h - 10 stones
Armour
 b - a +0 leather armour (worn)
 c - a +0 helmet (worn)
 g - a +0 robe
   (You found it on level 1 of the Dungeon)
 i - a +0 chain mail
   (You found it on level 1 of the Dungeon)
 j - a +0 robe
   (You found it on level 1 of the Dungeon)
 l - a +0 ring mail
   (You found it on level 1 of the Dungeon)
Scrolls
 f - a scroll of identify {unknown}
 k - 2 scrolls of poison {unknown}

Dungeon Overview and Level Annotations

Branches:
Dungeon (2/15) Zot: 10874

Altars:

Annotations:
D:2 Terence

#......# #......#
#......#
#.#####'######
#...........>#
#.#####.#.##.#
#..####.#....#
#..†....###..#######
#.).####..##.@.@....(
#.... #..##...######
#.#... #.......# #.
#... #)##....# . #...
#.##....# #...
#.##.#..# #...
#.........
#####.##...# .. ...#


You could see Terence (resistant).


Message History

The endoplasm freezes you.
You are frozen. 😕 HP[-2]
You take 2 damage, and now have 25/28 hp.
An endoplasm is nearby!
An endoplasm is nearby!
An endoplasm is nearby!
You barely miss the endoplasm. The endoplasm freezes you.
You are frozen. 😕 HP[-2]
You take 2 damage, and now have 23/28 hp.
An endoplasm is nearby!
You puncture the endoplasm!
You kill the endoplasm!
A frilled lizard comes into view.
A frilled lizard is nearby!
The frilled lizard hisses angrily.
A frilled lizard is nearby! 😕 HP[+1]
A frilled lizard is nearby!
A frilled lizard is nearby!
You hit the frilled lizard.
You kill the frilled lizard!
No target in view!
No target in view!
No target in view!
Key pressed, stopping explore.
No target in view! 😕 HP[+2]
You regained 2 hp, and now have 26/28 hp.
You now have 112 gold pieces (gained 10).
You see here a frilled lizard corpse.
Terence the Incautious comes into view.
He is wielding a +1 trident of flaming and wearing a +1 scale mail of cold resistance. 😎 HP[+2]
Your hp is fully restored (28).
Throw: javelin
Press: ? - help, Shift-Dir - straight line, f - Terence
Aim: Terence, wielding a +1 trident of flaming and wearing a +1 scale mail of cold resistance (64% to hit)
You throw a javelin. The javelin pierces through Terence.
Throw: 14 stones
Press: ? - help, Shift-Dir - straight line, f/p - Terence
Aim: Terence, wielding a +1 trident of flaming and wearing a +1 scale mail of cold resistance (moderately wounded, 64% to hit)
You throw a stone.
The stone hits Terence but does no damage.
Okay, then.
You aren't carrying any items that you can evoke.
Unknown command.
Throw: 13 stones
Press: ? - help, Shift-Dir - straight line, f/p - Terence
Aim: Terence, wielding a +1 trident of flaming and wearing a +1 scale mail of cold resistance (moderately wounded, 64% to hit)
You throw a stone.
The stone hits Terence but does no damage.
Throw: 12 stones
Press: ? - help, Shift-Dir - straight line, f/p - Terence
Aim: Terence, wielding a +1 trident of flaming and wearing a +1 scale mail of cold resistance (moderately wounded, 64% to hit)
You throw a stone.
The stone hits Terence but does no damage.
Terence drinks a potion.
Terence suddenly seems more resistant.
Throw: 11 stones
Press: ? - help, Shift-Dir - straight line, f/p - Terence
Aim: Terence, wielding a +1 trident of flaming and wearing a +1 scale mail of cold resistance (moderately wounded, unusually resistant, 64% to hit)
You throw a stone.
The stone hits Terence but does no damage.
Reach: a) +0 trident
Press: ? - help, Dir - move target, f/p - Terence
Aim: Terence, wielding a +1 trident of flaming and wearing a +1 scale mail of cold resistance (moderately wounded, unusually resistant, about 37% to evade your +0 trident)
You reach to attack!
You hit Terence.
Terence hits you from afar with a +1 trident of flaming!
Terence burns you. 😮 HP[-11]
You take 11 damage, and now have 17/28 hp.
MASSIVE DAMAGE!! (PAUSE) Reach: a) +0 trident
Press: ? - help, Dir - move target, f/p - Terence
Aim: Terence, wielding a +1 trident of flaming and wearing a +1 scale mail of cold resistance (moderately wounded, unusually resistant, about 37% to evade your +0 trident)
You reach to attack!
You hit Terence but do no damage.
Terence hits you from afar with a +1 trident of flaming.
Terence burns you. 😮 HP[-2]
You take 2 damage, and now have 15/28 hp.
Reach: a) +0 trident
Press: ? - help, Dir - move target, f/p - Terence
Aim: Terence, wielding a +1 trident of flaming and wearing a +1 scale mail of cold resistance (moderately wounded, unusually resistant, about 37% to evade your +0 trident)
You reach to attack!
You barely miss Terence.
Terence hits you from afar with a +1 trident of flaming!
* * * LOW HITPOINT WARNING * * *
Terence burns you.
* * * LOW HITPOINT WARNING * * *
😱 HP[-8]
You take 8 damage, and now have 7/28 hp.
MASSIVE DAMAGE!! (PAUSE) Unknown command.
Reach: a) +0 trident
Press: ? - help, Dir - move target, f/p - Terence
Aim: Terence, wielding a +1 trident of flaming and wearing a +1 scale mail of cold resistance (moderately wounded, unusually resistant, about 37% to evade your +0 trident)
You reach to attack!
You hit Terence.
Terence hits you from afar with a +1 trident of flaming!
You die...

Skill      XL: |  1  2 |
---------------+-------+-----
Throwing       | 2 |  2.2
Dodging        | 3 |  3.0
Polearms       | 3 |  3.0
Fighting       | |  2.5

Action                     || total
---------------------------++-------
  Melee: Trident           ||    88
         Kick              ||    13
         Punch             ||     1
  Throw: Stone             ||     4
         Javelin           ||     1
   Stab: Sleeping          ||     2
 Armour: Leather armour    ||    15
  Dodge: Dodged            ||    31

Levels and vault maps discovered:
D:1:      minmay_arrival_stone_box, layout_basic
D:2:      cheibrodos_greedy_goblins, layout_basic,
          shapermc_ecumenical_altar_starsandcircs, st_stairs_13, uniq_terence,
          uniq_jessica

Notes
Turn   | Place    | Note
-------+----------+-------------------------------------------
     0 | D:1      | spiderkeys the Demonspawn Gladiator began the quest for the
                  | Orb.
     0 | D:1      | Reached XP level 1. HP: 16/16 MP: 1/1
     0 | D:1      | magus.rc [v1.11.3]
   111 | D:1      | Reached skill level 2 in Throwing
   120 | D:1      | Gained mutation: You have large cloven feet. [demonic
                  | ancestry]
   120 | D:1      | Reached XP level 2. HP: 22/22 MP: 2/2
   335 | D:1      | You pick up a book of Alchemy and begin reading...
   335 | D:1      | You add the spells Sublimation of Blood, Petrify and
                  | Irradiate to your library.
   490 | D:1      | Reached skill level 3 in Dodging
   569 | D:1      | Reached skill level 3 in Polearms
   802 | D:1      | Gained mutation: You are partially covered in thin metallic
                  | scales. (AC +2) [demonic ancestry]
   802 | D:1      | Reached XP level 3. HP: 28/28 MP: 3/3
  1102 | D:2      | Noticed Terence
  1110 | D:2      | HP: 7/28 [Terence/+1 trident of flaming (1)]
  1111 | D:2      | Slain by Terence

Vanquished Creatures
  3 endoplasms
  3 goblins (D:1)
  3 hobgoblins (D:1)
  6 kobolds (D:1)
  2 quokkas (D:1)
  3 ball pythons (D:1)
  4 bats (D:1)
  5 frilled lizards
  3 rats
32 creatures vanquished.

Table legend:
 A = Non-vault XP
 B = Vault XP
 C = Vault XP percentage of total XP
 D = Non-vault monster count
 E = Vault monster count
 F = Vault count percentage of total count
                 A         B        C        D         E       F
            +---------+---------+-------+---------+---------+-------
      Total |      51 |       0 |   0.0 |      32 |       0 |   0.0
            +---------+---------+-------+---------+---------+-------
        D:1 |      47 |       0 |   0.0 |      29 |       0 |   0.0
        D:2 |       4 |       0 |   0.0 |       3 |       0 |   0.0
            +---------+---------+-------+---------+---------+-------

Skill      XL: |  1  2 |
---------------+-------+-----
Throwing       | 2 |  2.2
Dodging        | 3 |  3.0
Polearms       | 3 |  3.0
Fighting       | |  2.5

Action                     || total
---------------------------++-------
  Melee: Trident           ||    88
         Kick              ||    13
         Punch             ||     1
  Throw: Stone             ||     4
         Javelin           ||     1
   Stab: Sleeping          ||     2
 Armour: Leather armour    ||    15
  Dodge: Dodged            ||    31

Illustrated notes

Table legend:
 A = Kills in this place as a percentage of kills in the entire game.
 B = Kills by you in this place as a percentage of kills by you in the entire game.
 C = Kills by friends in this place as a percentage of kills by friends in the entire game.
 D = Other kills in this place as a percentage of other kills in the entire game.
 E = Experience gained in this place as a percentage of experience gained in the entire game.
 F = Experience gained in this place divided by the number of levels of this place that you have seen.
                   A       B       C       D       E      F
               +-------+-------+-------+-------+-------+----------------------
         Total | 100.0 | 100.0 |   N/A |   N/A | 100.0 |  25.5
       Dungeon | 100.0 | 100.0 |   N/A |   N/A | 100.0 |  25.5
               +-------+-------+-------+-------+-------+----------------------

Table legend: (Time is in decaauts)
 A = Elapsed time spent in this place.
 B = Non-inter-level travel time spent in this place.
 C = Inter-level travel time spent in this place.
 D = Time resting spent in this place.
 E = Time spent auto-exploring this place.
 F = Levels seen in this place.
 G = Mean time per level.
                   A        B        C        D        E       F      G
               +--------+--------+--------+--------+--------+-----+--------+
         Total |   1124 |   1095 |     29 |      0 |    896 |   2 |  562.0 |
       Dungeon |   1124 |   1095 |     29 |      0 |    896 |   2 |  562.0 |
               +--------+--------+--------+--------+--------+-----+--------+

Top non-repeatable levels by time:
     D:1: 1046 daAuts
     D:2: 77 daAuts
